AAA E
BUFFALO BISONS @ SCRANTON WB RAILRIDERS
06/08/2030
 
TOP OF THE 1ST
Buffalo Bisons batting - Pitching for Scranton WB RailRiders : RHP Jim Davis
Pitching: RHP Jim Davis
Batting: LHB Kaden Cox 0-0: Ball
1-0: Foul Ball, location: 3SF
1-1: Fly out, F8 (Flyball, 8LXD, EV 107.5 MPH)
Batting: RHB Steve Daly 0-0: Ball
1-0: Ball
2-0: Called Strike
2-1: Ball
3-1: Called Strike
3-2: Fly out, F7 (Flyball, 78D, EV 107.5 MPH)
Batting: RHB Steve Earnest 0-0: Called Strike
0-1: Swinging Strike
0-2: Ball
1-2: Foul Ball, location: 23F
1-2: Ball
2-2: Foul Ball, location: 9LDF
2-2: Ball
3-2: Base on Balls
Batting: RHB Micah Lavery 0-0: Ball
1-0: Foul Ball, location: 2F
1-1: Foul Ball, location: 2F
1-2: Strikes out swinging
Top of the 1st over - 0 runs, 0 hits, 0 errors, 1 left on base; Buffalo 0 - Scranton WB 0
BOTTOM OF THE 1ST
Scranton WB RailRiders batting - Pitching for Buffalo Bisons : RHP Jimmy Robinson
Pitching: RHP Jimmy Robinson
Batting: RHB Kevin Conly 0-0: Called Strike
0-1: Ground out 6-3 (Groundball, 6MS, EV 83.1 MPH)
Batting: RHB Hans Montero 0-0: Ball
1-0: Ball
2-0: Ball
3-0: Base on Balls
Batting: LHB Mike Sherry 0-0: Ball
1-0: Foul Ball, location: 23F
Pickoff Throw to First - Out! 1-3
1-1: Swinging Strike
1-2: Strikes out swinging
Bottom of the 1st over - 0 runs, 0 hits, 0 errors, 0 left on base; Buffalo 0 - Scranton WB 0
TOP OF THE 2ND
Buffalo Bisons batting - Pitching for Scranton WB RailRiders : RHP Jim Davis
Batting: LHB Gabe Bias 0-0: Foul Ball, location: 7LMF
0-1: Foul Ball, location: 9LMFF
0-2: Ball
1-2: Foul Ball, location: 3F
1-2: Strikes out looking
Batting: RHB Danny Mell 0-0: Ball
1-0: DOUBLE (Line Drive, 89D, EV 100.6 MPH)
Batting: LHB Edwin Meireles 0-0: Ball
1-0: Ground out 4-3 (Groundball, 4, EV 86.9 MPH)
Danny Mell to third
Batting: RHB Juan Munoz 0-0: Ball
1-0: Ball
2-0: Called Strike
2-1: SINGLE (Flyball, 9LS, EV 91.9 MPH)
Danny Mell scores
Batting: RHB Chris Fink 0-0: Ground out 2-3 (Groundball, 15S, EV 70.6 MPH)
Top of the 2nd over - 1 run, 2 hits, 0 errors, 1 left on base; Buffalo 1 - Scranton WB 0
BOTTOM OF THE 2ND
Scranton WB RailRiders batting - Pitching for Buffalo Bisons : RHP Jimmy Robinson
Batting: LHB Sal Zelaya 0-0: Foul Ball, location: 2F
0-1: Foul Ball, location: 2F
0-2: Foul Ball, location: 3F
0-2: Ball
1-2: Ball
2-2: Ball
3-2: Base on Balls
Batting: LHB Kiyosaku Miller 0-0: Foul Ball, location: 5DF
0-1: Swinging Strike
0-2: Ball
1-2: Strikes out looking
Batting: RHB Eric Duggins 0-0: Called Strike
0-1: Ball
1-1: Called Strike
1-2: Ball
2-2: Strikes out swinging
Sal Zelaya is caught stealing 2nd base 2-4
Batter strikes out.
Bottom of the 2nd over - 0 runs, 0 hits, 0 errors, 0 left on base; Buffalo 1 - Scranton WB 0
TOP OF THE 3RD
Buffalo Bisons batting - Pitching for Scranton WB RailRiders : RHP Jim Davis
Batting: LHB Kaden Cox 0-0: Ball
1-0: Swinging Strike
1-1: Ground out 4-3 (Groundball, 4, EV 86.9 MPH)
Batting: RHB Steve Daly 0-0: Swinging Strike
0-1: Foul Ball, location: 2F
0-2: Strikes out looking
Batting: RHB Steve Earnest 0-0: Ball
1-0: Foul Ball, location: 9LMF
1-1: Ball
2-1: Foul Ball, location: 25F
2-2: SINGLE (Line Drive, 34D, EV 98.8 MPH)
Batting: RHB Micah Lavery 0-0: Foul Ball, location: 2F
0-1: Ball
1-1: DOUBLE (Flyball, 89D, EV 111.3 MPH)
Steve Earnest to third
Runner from 3rd tries for Home, SAFE, no throw by RF
Batting: LHB Gabe Bias 0-0: Swinging Strike
0-1: Ball
1-1: Ball
2-1: Ball
3-1: Ground out 1-3 (Groundball, 25, EV 68.8 MPH)
Top of the 3rd over - 1 run, 2 hits, 0 errors, 1 left on base; Buffalo 2 - Scranton WB 0
BOTTOM OF THE 3RD
Scranton WB RailRiders batting - Pitching for Buffalo Bisons : RHP Jimmy Robinson
Batting: LHB Chris Wimberly 0-0: Ball
1-0: Ball
2-0: Called Strike
2-1: Ground out U3 (Groundball, 3L, EV 86.3 MPH)
Batting: SHB Kevin Ash 0-0: Called Strike
0-1: Swinging Strike
0-2: Foul Ball, location: 2F
0-2: Ball
1-2: Strikes out swinging
Batting: LHB Dan McNally 0-0: Called Strike
0-1: Swinging Strike
0-2: Ball
1-2: Ball
2-2: Fly out, F7 (Flyball, 7, EV 96.3 MPH)
Bottom of the 3rd over - 0 runs, 0 hits, 0 errors, 0 left on base; Buffalo 2 - Scranton WB 0
TOP OF THE 4TH
Buffalo Bisons batting - Pitching for Scranton WB RailRiders : RHP Jim Davis
Batting: RHB Danny Mell 0-0: Foul Ball, location: 23F
0-1: Swinging Strike
0-2: SINGLE (Line Drive, 78S, EV 88.8 MPH)
Batting: LHB Edwin Meireles 0-0: Ball
1-0: Ball
2-0: Fly out, F9 (Flyball, 9D, EV 106.3 MPH)
Batting: RHB Juan Munoz 0-0: Called Strike
0-1: Fly out, F3 (Popup, 34S, EV 82.5 MPH)
Batting: RHB Chris Fink 0-0: Called Strike
0-1: Ground out 4-3 (Groundball, 4, EV 86.3 MPH)
Top of the 4th over - 0 runs, 1 hit, 0 errors, 1 left on base; Buffalo 2 - Scranton WB 0
BOTTOM OF THE 4TH
Scranton WB RailRiders batting - Pitching for Buffalo Bisons : RHP Jimmy Robinson
Batting: RHB Kevin Conly 0-0: Ball
1-0: Ground out 6-3 (Groundball, P, EV 89.4 MPH)
Batting: RHB Hans Montero 0-0: Foul Ball, location: 9LMFF
0-1: Ball
1-1: Foul Ball, location: 2F
1-2: Ball
2-2: SINGLE (Groundball, 34D, EV 97.5 MPH)
Batting: LHB Mike Sherry 0-0: Ball
1-0: Foul Ball, location: 2F
1-1: Ball
2-1: Foul Ball, location: 7LDF
2-2: SINGLE (Line Drive, 3D, EV 100.6 MPH)
Hans Montero to second
Batting: LHB Sal Zelaya 0-0: Ball
1-0: Grounds into double play, 4-6-3 (Groundball, 4, EV 82.5 MPH)
Bottom of the 4th over - 0 runs, 2 hits, 0 errors, 1 left on base; Buffalo 2 - Scranton WB 0
TOP OF THE 5TH
Buffalo Bisons batting - Pitching for Scranton WB RailRiders : RHP Jim Davis
Batting: LHB Kaden Cox 0-0: Ball
1-0: Foul Ball, location: 2F
1-1: SINGLE (Groundball, 6MD, EV 102.5 MPH)
Batting: RHB Steve Daly 0-0: Ball
1-0: Grounds into double play, 6-4-3 (Groundball, 6, EV 105.6 MPH)
Batting: RHB Steve Earnest 0-0: Ball
1-0: Ball
2-0: Called Strike
2-1: Foul Ball, location: 25FF
2-2: Ball
3-2: Foul Ball, location: 2F
3-2: Foul Ball, location: 2F
3-2: Strikes out swinging, 2-3 out at first.
Top of the 5th over - 0 runs, 1 hit, 0 errors, 0 left on base; Buffalo 2 - Scranton WB 0
BOTTOM OF THE 5TH
Scranton WB RailRiders batting - Pitching for Buffalo Bisons : RHP Jimmy Robinson
Batting: LHB Kiyosaku Miller 0-0: Foul Ball, location: 2F
0-1: Called Strike
0-2: Fly out, F5 (Popup, 5S, EV 86.3 MPH)
Batting: RHB Eric Duggins 0-0: Foul Ball, location: 25F
0-1: Ball
1-1: Ball
2-1: Called Strike
2-2: DOUBLE (Groundball, 5L, EV 105.0 MPH)
Batting: LHB Chris Wimberly 0-0: Called Strike
0-1: Ground out U3 (Groundball, 3S, EV 82.5 MPH)
Eric Duggins to third
Pitching: RHP Wilfredo Bormie
Batting: SHB Kevin Ash 0-0: Ball
1-0: SINGLE (Groundball, 5D, EV 99.4 MPH)
Eric Duggins scores
Batting: LHB Dan McNally 0-0: Ground out U3 (Groundball, 3, EV 85.0 MPH)
Bottom of the 5th over - 1 run, 2 hits, 0 errors, 1 left on base; Buffalo 2 - Scranton WB 1
TOP OF THE 6TH
Buffalo Bisons batting - Pitching for Scranton WB RailRiders : RHP Jim Davis
Batting: RHB Micah Lavery 0-0: Ball
1-0: Ball
2-0: Called Strike
2-1: Swinging Strike
2-2: Foul Ball, location: 9LMF
2-2: Ball
3-2: Base on Balls
Batting: LHB Gabe Bias 0-0: Called Strike
0-1: Foul Ball, location: 9LSFF
0-2: Ball
1-2: Ball
2-2: Ball
3-2: Strikes out swinging
Micah Lavery is caught stealing 2nd base 2-6
Batter strikes out.
Batting: RHB Danny Mell 0-0: Ball
1-0: Called Strike
1-1: Swinging Strike
1-2: Foul Ball, location: 5F
1-2: Ball
2-2: DOUBLE (Groundball, 5L, EV 95.0 MPH)
Batting: LHB Edwin Meireles 0-0: Called Strike
0-1: Ball
1-1: Swinging Strike
1-2: Ball
2-2: Ball
3-2: Foul Ball, location: 23F
3-2: Strikes out swinging
Top of the 6th over - 0 runs, 1 hit, 0 errors, 1 left on base; Buffalo 2 - Scranton WB 1
BOTTOM OF THE 6TH
Scranton WB RailRiders batting - Pitching for Buffalo Bisons : RHP Wilfredo Bormie
Batting: RHB Kevin Conly 0-0: Foul Ball, location: 3F
0-1: Fly out, F7 (Flyball, 78M, EV 92.5 MPH)
Batting: RHB Hans Montero 0-0: Called Strike
0-1: SINGLE (Line Drive, 8RS, EV 108.8 MPH)
Batting: LHB Mike Sherry 0-0: Ball
1-0: Ball
2-0: Called Strike
2-1: Ball
3-1: SINGLE (Groundball, 4MD, EV 103.1 MPH) (infield hit)
Hans Montero to second
Batting: LHB Sal Zelaya 0-0: Foul Ball, location: 2F
0-1: Foul Ball, location: 2F
0-2: Foul Ball, location: 23F
0-2: Ball
1-2: Strikes out looking
Batting: LHB Kiyosaku Miller 0-0: Fly out, F8 (Flyball, 78M, EV 91.9 MPH)
Bottom of the 6th over - 0 runs, 2 hits, 0 errors, 2 left on base; Buffalo 2 - Scranton WB 1
TOP OF THE 7TH
Buffalo Bisons batting - Pitching for Scranton WB RailRiders : RHP Jim Davis
Batting: RHB Juan Munoz 0-0: Fly out, F6 (Popup, 15S, EV 85.6 MPH)
Batting: RHB Chris Fink 0-0: Ball
1-0: Foul Ball, location: 2F
1-1: Foul Ball, location: 2F
1-2: Ball
2-2: Fly out, F7 (Line Drive, 7S, EV 100.0 MPH)
Batting: LHB Kaden Cox 0-0: Foul Ball, location: 2F
0-1: Fly out, F7 (Flyball, 7D, EV 95.0 MPH)
Top of the 7th over - 0 runs, 0 hits, 0 errors, 0 left on base; Buffalo 2 - Scranton WB 1
BOTTOM OF THE 7TH
Scranton WB RailRiders batting - Pitching for Buffalo Bisons : RHP Wilfredo Bormie
Batting: RHB Eric Duggins 0-0: Foul Ball, location: 9LSF
0-1: Called Strike
0-2: Ball
1-2: Ball
2-2: Ball
3-2: Foul Ball, location: 3FF
3-2: Base on Balls
Pitching: LHP Dan Dunning
Pinch Hitting: RHB Timóteo Costeiro 0-0: Fly out, F8 (Line Drive, 78D, EV 88.1 MPH)
Batting: SHB Kevin Ash 0-0: Called Strike
0-1: Foul Ball, location: 2F
0-2: Grounds into double play, 5-4-3 (Groundball, 5, EV 103.8 MPH)
Bottom of the 7th over - 0 runs, 0 hits, 0 errors, 0 left on base; Buffalo 2 - Scranton WB 1
TOP OF THE 8TH
Buffalo Bisons batting - Pitching for Scranton WB RailRiders : RHP Jim Davis
Now at 2B: Timóteo Costeiro
Now at 3B: Kevin Ash
Batting: RHB Steve Daly 0-0: SOLO HOME RUN (Flyball, 8RXD, EV 113.1 MPH), Distance : 436 ft
Batting: RHB Steve Earnest 0-0: Ball
1-0: Called Strike
1-1: Foul Ball, location: 5SF
1-2: Ball
2-2: Foul Ball, location: 2F
2-2: Foul Ball, location: 2F
2-2: Ground out 4-3 (Groundball, 4, EV 103.8 MPH)
Pitching: RHP Jose Bazan
Batting: RHB Micah Lavery 0-0: SINGLE (Flyball, 5D, EV 87.5 MPH)
Batting: LHB Gabe Bias 0-0: Ball
1-0: Foul Ball, location: 7LDF
1-1: Ball
2-1: Fly out, F8 (Flyball, 8RS, EV 91.9 MPH)
Batting: RHB Danny Mell 0-0: Ground out 1-3 (Groundball, 15S, EV 73.1 MPH)
Top of the 8th over - 1 run, 2 hits, 0 errors, 1 left on base; Buffalo 3 - Scranton WB 1
BOTTOM OF THE 8TH
Scranton WB RailRiders batting - Pitching for Buffalo Bisons : LHP Dan Dunning
Batting: LHB Dan McNally 0-0: Ball
1-0: Ball
2-0: Called Strike
2-1: Foul Ball, location: 2F
2-2: Strikes out swinging
Batting: RHB Kevin Conly 0-0: Ball
1-0: Ground out 6-3 (Groundball, 6, EV 85.6 MPH)
Batting: RHB Hans Montero 0-0: Ball
1-0: Ground out 6-3 (Groundball, 6, EV 101.9 MPH)
Bottom of the 8th over - 0 runs, 0 hits, 0 errors, 0 left on base; Buffalo 3 - Scranton WB 1
TOP OF THE 9TH
Buffalo Bisons batting - Pitching for Scranton WB RailRiders : RHP Jose Bazan
Batting: LHB Edwin Meireles 0-0: Called Strike
0-1: Ball
1-1: Called Strike
1-2: Strikes out swinging
Batting: RHB Juan Munoz 0-0: Fly out, F9 (Flyball, 9LM, EV 83.8 MPH)
Batting: RHB Chris Fink 0-0: Called Strike
0-1: Ball
1-1: Ground out 6-3 (Groundball, 4MD, EV 81.9 MPH)
Top of the 9th over - 0 runs, 0 hits, 0 errors, 0 left on base; Buffalo 3 - Scranton WB 1
BOTTOM OF THE 9TH
Scranton WB RailRiders batting - Pitching for Buffalo Bisons : LHP Dan Dunning
Pitching: RHP Billy Knell
Batting: LHB Mike Sherry 0-0: Ball
1-0: Called Strike
1-1: Called Strike
1-2: Strikes out swinging
Batting: LHB Sal Zelaya 0-0: Ball
1-0: Ground out 4-3 (Groundball, 4S, EV 68.1 MPH)
Batting: LHB Kiyosaku Miller 0-0: Ball
1-0: Fly out, F8 (Flyball, 78D, EV 91.9 MPH)
Bottom of the 9th over - 0 runs, 0 hits, 0 errors, 0 left on base; Buffalo 3 - Scranton WB 1
Monday, March 18th , 2024 - OOTP Baseball 24.7 Build 72